 Dungeon Crawl Stone Soup version 0.19.1-1-g22dce08 (webtiles) character file.

450 ponk the Thaumaturge (level 6, -3/32 HPs)
             Began as a Deep Elf Wizard on Jan 11, 2017.
             Was an Initiate of Sif Muna.
             Slain by a slave (8 damage)
             ... led by Pikel
             ... on level 4 of the Dungeon.
             The game lasted 00:36:12 (7158 turns).

ponk the Thaumaturge (Deep Elf Wizard)              Turns: 7158, Time: 00:36:14

Health: -3/32      AC:  5    Str:  4    XL:     6   Next: 74%
Magic:  4/21       EV: 13    Int: 25    God:    Sif Muna [......]
Gold:   108        SH:  0    Dex: 13    Spells: 7 memorised, 10 levels left

rFire  . . .     SeeInvis .     n - +2 dagger (venom)
rCold  . . .     Gourm    .     a - +0 robe
rNeg   . . .     Faith    .     (no shield)
rPois  .         Spirit   .     b - +0 hat
rElec  .         Reflect  .     u - +1 cloak
rCorr  .         Harm     .     s - +0 pair of gloves
MR     .....                    (no boots)
Stlth  ++........               (no amulet)
                                (no ring)
                                (no ring)

@: no status effects
A: no striking features
a: Renounce Religion


You were on level 4 of the Dungeon.
You worshipped Sif Muna.
Sif Muna was noncommittal.
You were not hungry.

You visited 2 branches of the dungeon, and saw 5 of its levels.

You collected 218 gold pieces.
You spent 110 gold pieces at shops.

Inventory:

Hand Weapons
 e - a +0 shortbow
 n - a +2 dagger of venom (weapon)
Missiles
 j - 7 needles of confusion
 o - 64 arrows
 q - 14 poisoned needles
Armour
 a - a +0 robe (worn)
 b - a +0 hat (worn)
 s - a +0 pair of gloves (worn)
 u - a +1 cloak (worn)
Magical Staves
 B - an uncursed staff of fire
Wands
 d - a wand of slowing (18/48)
 A - a wand of lightning (4/15)
Scrolls
 r - a scroll of remove curse {unknown}
 v - 2 scrolls of fear
 y - a scroll of enchant armour {unknown}
Potions
 f - 2 potions of curing
 g - a potion of might
 h - a potion of agility
 i - a potion of ambrosia
 t - 2 potions of brilliance {unknown}
 w - 4 potions of flight {unknown}
 x - a potion of magic {unknown}
Books
 c - a book of Minor Magic

   Spells                             Type                      Level
   a - Magic Dart                     Conjuration                  1
   b - Blink                          Translocation                2
   c - Call Imp                       Summoning                    2
   d - Repel Missiles                 Charms/Air                   2
   e - Slow                           Hexes                        2
   f - Conjure Flame                  Conjuration/Fire             3
   g - Mephitic Cloud                 Conjuration/Poison/Air       3
Comestibles
 k - 2 bread rations
 l - a meat ration
 m - 3 fruits
 z - a beef jerky


   Skills:
 - Level 2.8 Dodging
 - Level 2.5 Stealth
 * Level 10.0 Spellcasting
 - Level 1.5 Conjurations
 - Level 1.1 Summonings
 - Level 1.1 Translocations


You had 10 spell levels left.
You knew the following spells:

 Your Spells              Type           Power        Failure   Level  Hunger
a - Magic Dart            Conj           ###.         2%          1    None
b - Blink                 Tloc           N/A          6%          2    None
c - Call Imp              Summ           ###.....     6%          2    None
d - Mephitic Cloud        Conj/Pois/Air  ###.....     12%         3    None
e - Slow                  Hex            ##......     10%         2    None
f - Repel Missiles        Chrm/Air       ##....       10%         2    None
g - Conjure Flame         Conj/Fire      ###.....     12%         3    None


Dungeon Overview and Level Annotations

Branches:
Dungeon (4/15)             Temple (1/1) D:4

Altars:
Ashenzari
Cheibriados
Dithmenos
Elyvilon
Fedhas
Kikubaaqudgha
Okawaru
Ru
Sif Muna
Yredelemnul
Zin
The Shining One

Shops:
D:4 *

Annotations:
D:4 Pikel


Message History

The slave hits you.
Your white imp hits the slave but does no damage.
Casting: Blink
Confirm with . or Enter, or press ? or * to list all spells.
You don't have enough magic to cast that spell.
Your white imp disappears in a puff of smoke!
Your crimson imp hits the slave but does no damage.
Your crimson imp barely misses the slave.
The slave hits you.
* * * LOW HITPOINT WARNING * * *
Your crimson imp blinks!
You swap places.
Your crimson imp blinks!
The slave misses you. The slave barely misses you.
There is a stone staircase leading up here.
The slave hits you.
* * * LOW HITPOINT WARNING * * *
The slave hits you!
You die...

..........#
..........#
(.5.....#.##
.######....#########
..## #............#
...# ###....5.....#
...## #..........#
.#..#####......p...#
..............pp@..#
...................#
...8.......>.......#
...................#
.8.∩.8.........>...#
...........#########
...8.......#
....>......#
##.........#


You could see 3 slaves and a friendly crimson imp.

Vanquished Creatures
  A howler monkey (D:3)
  Jessica (D:2)
  An iguana (D:4)
  7 adders
  A worm (D:2)
  3 dart slugs
  4 leopard geckos
  3 orcs
  4 giant cockroaches
  13 goblins
  11 hobgoblins
  A jackal (D:4)
  7 kobolds
  A quokka (D:3)
  A ball python (D:3)
  11 bats
  6 frilled lizards
  8 rats
84 creatures vanquished.

Vanquished Creatures (collateral kills)
  A phantom (D:3)
  A slave (D:4)
  A centaur (D:4)
  The ghost of feelmyfire the Shooter, a weakling CeHu (D:3)
  An iguana (D:3)
  A worker ant (D:3)
  2 adders (D:4)
  A river rat (D:3)
  An ooze (D:4)
  A leopard gecko (D:4)
  7 orcs (D:4)
  A hobgoblin (D:3)
  3 jackals (D:4)
  A ball python (D:4)
23 creatures vanquished.

Grand Total: 107 creatures vanquished

Notes
Turn   | Place    | Note
-------+----------+-------------------------------------------
     0 | D:1      | ponk the Deep Elf Wizard began the quest for the Orb.
     0 | D:1      | Reached XP level 1. HP: 10/10 MP: 7/7
   400 | D:1      | Reached XP level 2. HP: 15/15 MP: 6/9
   530 | D:1      | Reached skill level 5 in Spellcasting
  1200 | D:1      | Reached XP level 3. HP: 19/19 MP: 5/11
  1330 | D:1      | Learned a level 2 spell: Blink
  1333 | D:1      | Learned a level 2 spell: Call Imp
  1337 | D:1      | Learned a level 3 spell: Mephitic Cloud
  1340 | D:1      | Learned a level 2 spell: Slow
  1343 | D:1      | Learned a level 2 spell: Repel Missiles
  1449 | D:2      | Noticed Jessica
  1783 | D:2      | Killed Jessica
  1783 | D:2      | Reached skill level 6 in Spellcasting
  2007 | D:2      | Found an iron altar of Okawaru.
  2050 | D:2      | Reached XP level 4. HP: 20/24 MP: 8/14
  3461 | D:3      | Noticed feelmyfire's ghost (weakling CeHu)
  3938 | D:2      | Reached skill level 7 in Spellcasting
  4156 | D:2      | HP: 1/24 [poisoned by an adder]
  4241 | D:3      | Killed feelmyfire's ghost
  4241 | D:3      | Reached XP level 5. HP: 28/28 MP: 5/17
  4652 | D:3      | Noticed a phantom
  4720 | D:3      | Killed a phantom
  4720 | D:3      | Reached skill level 8 in Spellcasting
  4969 | D:4      | Found a glowing drain.
  5201 | D:4      | Reached XP level 6. HP: 32/32 MP: 6/19
  5308 | D:3      | Reached skill level 9 in Spellcasting
  5722 | D:4      | Noticed Pikel
  5723 | D:4      | Noticed a slave
  5723 | D:4      | Noticed a slave
  5723 | D:4      | Noticed a slave
  5724 | D:4      | Noticed a slave
  6381 | D:3      | Learned a level 3 spell: Conjure Flame
  6844 | D:3      | Reached skill level 10 in Spellcasting
  6971 | D:4      | Found a staircase to the Ecumenical Temple.
  6989 | Temple   | Entered the Ecumenical Temple
  7044 | Temple   | Became a worshipper of Sif Muna the Loreminder
  7080 | D:4      | Found Wehiru's General Store.
  7092 | D:4      | Bought a scroll of fear for 45 gold pieces
  7092 | D:4      | Bought a bread ration for 65 gold pieces
  7123 | D:4      | Killed a slave
  7158 | D:4      | Slain by a slave

Skill      XL: |  1  2  3  4  5  6 |
---------------+-------------------+-----
Spellcasting   | 5 6 7 8 10 | 10.0
Dodging        | |  2.8
Stealth        | |  2.5
Conjurations   | |  1.5
Summonings     | |  1.1
Translocations | |  1.1

Action                   |  1- 3 |  4- 6 || total
-------------------------+-------+-------++-------
Melee: Dagger            |     3 |    59 ||    62
 Cast: Magic Dart        |    76 |   158 ||   234
       Call Imp          |     1 |    52 ||    53
       Repel Missiles    |     1 |       ||     1
       Slow              |       |     7 ||     7
       Blink             |       |     4 ||     4
       Mephitic Cloud    |       |     3 ||     3
Evoke: Wand              |       |     1 ||     1
  Use: Scroll            |     5 |     6 ||    11
       Potion            |       |     2 ||     2
 Stab: Sleeping          |       |     1 ||     1
  Eat: Chunk             |     1 |    11 ||    12
       Bread ration      |     1 |       ||     1
       Royal jelly       |       |     1 ||     1
Armor: Robe              |     1 |    31 ||    32
Dodge: Dodged            |     9 |    91 ||   100
       Deflected         |       |     2 ||     2
